 Dungeon Crawl Stone Soup version 0.30-a0-996-ga6910c8ee8 (webtiles) character file.

Game seed: 9876157919680297951

84 Maxmaps the Insei (level 4, -4/33 (35) HPs)
             Began as a Demonspawn Monk on Apr 5, 2023.
             Slain by a goblin
             ... wielding a +0 club
             ... led by Robin
              (6 damage)
             ... on level 2 of the Dungeon.
             The game lasted 00:01:26 (1083 turns).

Maxmaps the Insei (Demonspawn Monk)                 Turns: 1083, Time: 00:01:27

HP:   -4/33 (35)    AC:  3    Str: 11    XL:     4   Next: 24%
MP:   4/4           EV: 12    Int: 14    God:
Gold: 40            SH:  4    Dex: 15    Spells: 3/3 levels left

rFire   . . .      SeeInvis .    b - +0 short sword (drain)
rCold   . . .      Faith    .    (no shield)
rNeg    . . .      Spirit   .    f - +0 leather armour
rPois   .          Reflect  .    (no helmet)
rElec   .          Rampage  .    (no cloak)
rCorr   +                        (no gloves)
Will    .....                    (no boots)
Stlth   ++                       (no amulet)
HPRegen 0.25/turn                g - ring of resist corrosion
MPRegen 0.09/turn                (no ring)

@: drained
A: large bone plates 1, powered by pain 1
a: no special abilities


You were on level 2 of the Dungeon.
You visited 1 branch of the dungeon, and saw 2 of its levels.

You collected 40 gold pieces.

Inventory:

Hand Weapons
 b - a +0 short sword of draining (weapon)
Armour
 a - a +0 robe
 f - a +0 leather armour (worn)
Jewellery
 g - a ring of resist corrosion (left hand)
 k - a ring of see invisible
Scrolls
 d - a scroll of enchant armour {unknown}
 e - 2 scrolls of blinking {unknown}
 h - a scroll of magic mapping {unknown}
 j - 2 scrolls of teleportation {unknown}
 l - a scroll of enchant weapon {unknown}
 m - a scroll of fog {unknown}
Potions
 c - 2 potions of might {unknown}
 i - a potion of heal wounds {unknown}


   Skills:
 - Level 3.0 Fighting
 - Level 2.6 Dodging
 - Level 1.7 Stealth
 + Level 4.6 Unarmed Combat


You had 3 spell levels left.
You didn't know any spells.
Your spell library was empty.

Dungeon Overview and Level Annotations

Branches:
Dungeon (2/15)

Altars:

Annotations:
D:2 Robin


Innate Abilities, Weirdness & Mutations

You are partially covered in large bone plates. (SH +4)
You sometimes gain a little power by taking damage.


Message History

You barely miss the hobgoblin. The hobgoblin hits you.
You closely miss the hobgoblin. The hobgoblin misses you.
You barely miss the hobgoblin. The hobgoblin hits you.
You closely miss the hobgoblin.
Robin seems less drained.
The hobgoblin hits you.
You hit the hobgoblin but do no damage. The hobgoblin barely misses you.
Robin roars a battlecry!
The goblins go into a battle-frenzy!
You hit the hobgoblin but do no damage. You drain the hobgoblin.
The hobgoblin is heavily wounded.
A hobgoblin comes into view.
The hobgoblin misses you.
The hobgoblin shouts!
You hit the hobgoblin but do no damage. You drain the hobgoblin.
You kill the hobgoblin!
You closely miss the goblin. The goblin barely misses you.
You hit the goblin. You drain the goblin.
You kill the goblin!
Robin throws the goblin at you! The goblin hits you with a +0 dagger.
You closely miss the goblin. The goblin hits you but does no damage.
The goblin barely misses you.
You hit the goblin.
You kill the goblin!
The goblin barely misses you. Robin throws the goblin at you!
You hit the goblin but do no damage. You drain the goblin.
The goblin is heavily wounded.
You block the goblin's attack. The goblin misses you.
The goblin hits you with a +0 club.
* * * LOW HITPOINT WARNING * * *
Robin zaps a wand.
Some rock shatters into small pieces.
You closely miss the goblin.
The goblin is heavily wounded.
The goblin hits you with a +1 dagger of speed.
* * * LOW HITPOINT WARNING * * *
You block the goblin's attack. The goblin closely misses you.
The goblin attacks as you move away!
The goblin hits you with a +1 dagger of speed.
* * * LOW HITPOINT WARNING * * *
The goblin hits you with a +0 club.
You die...

#..# ### #..# #.. ...#
#.# #.## #.# #.# ### ##
#.# #.# #.# ####.
#.######.#######.# #####
##...
#................####...
...###
.....#####.####g@##.#.?#
#[#.#. ####.# #.#
#)g##....# #.#..# #.#
#.# #)g##....#####)#..#
#.# #.#
#gg.##....#....)#..# #.#
#.# #..g###..#g.#...)...
#.# #.#
#.#....g..g.....$... #.#
.#. #.....#..##g..#..†.#
#.# # #
##....)..##.....#..# #..
#........gg........


You could see Robin, 2 hobgoblins and 3 goblins.

Vanquished Creatures
  2 adders (D:2)
  A worm (D:2)
  3 dart slugs
  3 orcs (D:2)
  5 ball pythons
  2 endoplasms (D:1)
  2 giant cockroaches (D:1)
  10 goblins
  5 hobgoblins
  3 quokkas
  7 bats
  3 frilled lizards (D:1)
  3 kobolds
  2 rats (D:1)
51 creatures vanquished.

Notes
Turn   | Place    | Note
-------+----------+-------------------------------------------
     0 | D:1      | Maxmaps the Demonspawn Monk began the quest for the Orb.
     0 | D:1      | Reached XP level 1. HP: 18/18 MP: 1/1
    61 | D:1      | Reached skill level 3 in Unarmed Combat
   124 | D:1      | Gained mutation: You are partially covered in large bone
                  | plates. (SH +4) [demonic ancestry]
   124 | D:1      | Reached XP level 2. HP: 19/24 MP: 2/2
   485 | D:1      | Reached XP level 3. HP: 22/22 MP: 3/3
   540 | D:1      | Found a faded altar of an unknown god.
   694 | D:2      | Reached skill level 4 in Unarmed Combat
  1011 | D:2      | Gained mutation: You sometimes gain a little power by
                  | taking damage. [demonic ancestry]
  1011 | D:2      | Reached XP level 4. HP: 32/32 MP: 4/4
  1038 | D:2      | Noticed Robin
  1083 | D:2      | Slain by a goblin

Illustrated notes

Levels and vault maps discovered:
D:1:      spicycebolla_green_bress_n_ham_2, layout_basic,
          dreamdust_ecumenical_altar_angels_and_demons, minmay_distorted
D:2:      layout_loops_ring, uniq_crazy_yiuf_cottage, uniq_robin

Skill      XL: |  1  2  3 |
---------------+----------+-----
Unarmed Combat | 3 4 |  4.6
Fighting       | |  3.0
Dodging        | |  2.6
Stealth        | |  1.7

Action                     |  1- 3 |  4- 6 || total
---------------------------+-------+-------++-------
  Melee: Unarmed           |    41 |       ||    41
         Short sword       |    94 |    36 ||   130
         Punch             |       |     1 ||     1
    Use: Potion            |     1 |       ||     1
   Stab: Sleeping          |     5 |       ||     5
 Armour: Robe              |    13 |       ||    13
         Leather armour    |    21 |     8 ||    29
  Dodge: Dodged            |    89 |    26 ||   115
  Block: Other             |    22 |     8 ||    30

Table legend: (Time is in decaauts)
 A = Elapsed time spent in this place.
 B = Non-inter-level travel time spent in this place.
 C = Inter-level travel time spent in this place.
 D = Time resting spent in this place.
 E = Time spent auto-exploring this place.
 F = Levels seen in this place.
 G = Mean time per level.
                   A        B        C        D        E       F      G
               +--------+--------+--------+--------+--------+-----+--------+
         Total |   1081 |   1066 |     15 |     51 |    657 |   2 |  540.5 |
       Dungeon |   1081 |   1066 |     15 |     51 |    657 |   2 |  540.5 |
               +--------+--------+--------+--------+--------+-----+--------+

Top non-repeatable levels by time:
     D:1: 689 daAuts
     D:2: 391 daAuts
